 Dungeon Crawl Stone Soup version 0.31-a0-977-gc230f8ef24 (webtiles) character file.

Game seed: 11192114725404709889

206 mattiecakes the Skirmisher (level 6, -7/35 HPs)
             Began as a Kobold Hunter on Oct 29, 2023.
             Killed from afar by Ijyb (21 damage)
             ... with an iceblast
             ... on level 4 of the Dungeon.
             The game lasted 00:06:49 (2771 turns).

mattiecakes the Skirmisher (Kobold Hunter)          Turns: 2771, Time: 00:06:49

Health: -7/35      AC:  3    Str:  8 (9)  XL:     6   Next: 10%
Magic:  6/6        EV: 14    Int:  9 (10) God:
Gold:   129        SH:  0    Dex: 19 (20) Spells: 5/5 levels left

rFire   . . .        a - +1 shortbow
rCold   . . .        (shield currently unavailable)
rNeg    . . .        c - +0 leather armour
rPois   +            (no helmet)
rElec   .            (no cloak)
rCorr   .            (no gloves)
SInv    .            (no boots)
Will    .....        f - amulet of Qiodakha {rPois Regen+ Stlth+}
Stlth   ++++         (no ring)
HPRegen 1.05/turn    (no ring)
MPRegen 0.10/turn

%: no passive effects
@: no status effects
A: small, no large weapons, nightstalker 3
a: no special abilities


You were on level 4 of the Dungeon.
You visited 1 branch of the dungeon, and saw 4 of its levels.

You collected 129 gold pieces.

Inventory:

Hand Weapons
 a - a +1 shortbow (weapon)
Armour
 c - a +0 leather armour (worn)
Jewellery
 d - an amulet of magic regeneration
 f - the amulet of Qiodakha (around neck) {rPois Regen+ Stlth+}
   (You found it on level 4 of the Dungeon)

   [amulet of regeneration]

   rPois:     It protects you from poison Regen+: It increases your rate of
   health regeneration.
   Stlth+:    It makes you more stealthy.
 g - a ring of protection from cold
Scrolls
 e - a scroll of silence
 l - 3 scrolls of identify
Potions
 j - 2 potions of brilliance


   Skills:
 - Level 2.1 Fighting
 + Level 9.1 Ranged Weapons
 - Level 2.4 Dodging
 - Level 1.3 Stealth


You had 5 spell levels left.
You didn't know any spells.
Your spell library contained the following spells:

 Spells                   Type           Power      Damage    Failure   Level
 Blink                    Tloc           0%         N/A       65%         2
 Lesser Beckoning         Tloc           0%         N/A       65%         2
 Momentum Strike          Conj/Tloc      0%         3d8       65%         2


Dungeon Overview and Level Annotations

Branches:
Dungeon (4/15)
 Temple: D:4-7

Altars:
Elyvilon
Qazlal

Annotations:
D:4 Ijyb


Innate Abilities, Weirdness & Mutations

You are small and have problems with some larger weapons.
You are completely attuned to the shadows.


Message History

A goblin is nearby!
Okay, then.
You shoot an arrow. The arrow hits your butterfly.
You kill your butterfly!
Your butterfly disappears in a burst of colours!
You shoot an arrow. The arrow completely misses the goblin.
You shoot an arrow. The arrow barely misses the goblin.
You shoot an arrow. The arrow barely misses the goblin.
The goblin closely misses you.
You shoot an arrow. The arrow hits the goblin!
You kill the goblin!
No target in view!
No target in view!
HP restored.
Things that are here:
a +0 club; a goblin corpse You shoot an arrow.
The arrow hits the goblin.
The goblin is moderately wounded.
You shoot an arrow. The arrow hits the goblin!
You kill the goblin!
No target in view!
Ijyb is nearby!
You shoot an arrow. The arrow completely misses Ijyb.
Ijyb zaps a wand.
The mass of ice explodes!
The iceblast engulfs you!
You shoot an arrow. The arrow barely misses Ijyb.
Ijyb screams, "Level is mine!
All mine!"
Ijyb zaps a wand.
The mass of ice explodes!
The iceblast engulfs you!
You are too injured to fight recklessly!
You are too injured to fight recklessly!
Fire: a) +1 shortbow
Press: ? - help, Q - select action Shift-Dir - straight line, f/p - Ijyb
Aim: Ijyb, wielding a +0 club, wearing a +0 leather armour and carrying a wand of iceblast (61% to hit)
You shoot an arrow. The arrow barely misses Ijyb.
Fire: a) +1 shortbow
Press: ? - help, Q - select action Shift-Dir - straight line, f/p - Ijyb
Aim: Ijyb, wielding a +0 club, wearing a +0 leather armour and carrying a wand of iceblast (61% to hit)
You shoot an arrow. The arrow completely misses Ijyb.
Ijyb zaps a wand.
The mass of ice explodes!
The iceblast engulfs you!!
Ouch! That really hurt!
You die...

......############.#
###'####.....^.)...#
.........#########.#
.<.......# #.#
.........# #.#
.........# #.#
.........#########.#
..................)#
..[.............@..#
#############......#
#......#
#####...g..#
8.8.8......#
......gbb.b#
..).)gbb.b.#
......bb...#
(......#####


You could see Ijyb.

Vanquished Creatures
  An orc priest (D:3)
  A sleepcap (D:4)
  An iguana (D:4)
  An orc wizard (D:3)
  2 adders
  2 worms
  A dart slug (D:1)
  6 orcs (D:3)
  9 ball pythons
  4 endoplasms
  A giant cockroach (D:1)
  9 hobgoblins
  2 quokkas (D:1)
  6 bats
  4 frilled lizards
  10 goblins
  5 kobolds
  4 rats
69 creatures vanquished.

Vanquished Creatures (others)
  A goblin (D:4)
1 creature vanquished.

Grand Total: 70 creatures vanquished

Notes
Turn   | Place    | Note
-------+----------+-------------------------------------------
     0 | D:1      | mattiecakes the Kobold Hunter began the quest for the Orb.
     0 | D:1      | Reached XP level 1. HP: 12/12 MP: 1/1
    51 | D:1      | Reached XP level 2. HP: 17/17 MP: 2/2
   133 | D:1      | Reached skill level 6 in Ranged Weapons
   563 | D:1      | Reached XP level 3. HP: 21/21 MP: 3/3
   735 | D:2      | Found a stormy altar of Qazlal.
   944 | D:2      | Reached skill level 7 in Ranged Weapons
   944 | D:2      | Reached XP level 4. HP: 8/26 MP: 4/4
  1455 | D:3      | Found a white marble altar of Elyvilon.
  1543 | D:3      | Reached XP level 5. HP: 25/30 MP: 5/5
  1561 | D:3      | Reached skill level 8 in Ranged Weapons
  2408 | D:4      | Noticed an ogre
  2540 | D:4      | Identified the amulet of Qiodakha {rPois Regen+ Stlth+}
  2690 | D:4      | Reached skill level 9 in Ranged Weapons
  2690 | D:4      | Reached XP level 6. HP: 16/35 MP: 6/6
  2722 | D:4      | Noticed Ijyb
  2771 | D:4      | Killed from afar by Ijyb

Illustrated notes

Levels and vault maps discovered:
D:1:      dpeg_arrival_simpleton_b, layout_loops_ring
D:2:      layout_rooms, basic_altar
D:3:      layout_loops_ring, elyvilon_altar_3
D:4:      kennysheep_the_goblin_king, layout_gridville, serial_shops,
          nicolae_lakefront_shop, dk_rats_in_the_wall

Skill      XL: |  1  2  3  4  5 |
---------------+----------------+-----
Ranged Weapons | 6 7 9 |  9.1
Fighting       | |  2.1
Dodging        | |  2.4
Stealth        | |  1.3

Action                     |  1- 3 |  4- 6 || total
---------------------------+-------+-------++-------
   Fire: Shortbow          |    83 |   118 ||   201
    Use: Scroll            |       |    11 ||    11
         Potion            |       |     4 ||     4
 Armour: Leather armour    |    12 |    35 ||    47
  Dodge: Dodged            |    24 |    47 ||    71

Table legend: (Time is in decaauts)
 A = Elapsed time spent in this place.
 B = Non-inter-level travel time spent in this place.
 C = Inter-level travel time spent in this place.
 D = Time resting spent in this place.
 E = Time spent auto-exploring this place.
 F = Levels seen in this place.
 G = Mean time per level.
                   A        B        C        D        E       F      G
               +--------+--------+--------+--------+--------+-----+--------+
         Total |   2769 |   2688 |     81 |    332 |   1953 |   4 |  692.2 |
       Dungeon |   2769 |   2688 |     81 |    332 |   1953 |   4 |  692.2 |
               +--------+--------+--------+--------+--------+-----+--------+

Top non-repeatable levels by time:
     D:3: 1144 daAuts
     D:1: 683 daAuts
     D:2: 638 daAuts
     D:4: 303 daAuts
